 Dungeon Crawl Stone Soup version 0.19.3-4-gbf9329e (webtiles) character file.

87 LowPressure the Magician (level 4, -3/31 HPs)
             Began as a Mummy Wizard on Jan 28, 2017.
             Killed from afar by Ijyb (15 damage)
             ... with a wand of flame
             ... on level 2 of the Dungeon.
             The game lasted 00:06:17 (2088 turns).

LowPressure the Magician (Mummy Wizard)             Turns: 2088, Time: 00:06:17

Health: -3/31      AC:  2    Str: 10    XL:     4   Next: 28%
Magic:  1/10       EV: 12    Int: 18    God:
Gold:   101        SH:  0    Dex: 10    Spells: 5 memorised, 1 level left

rFire  x . .     SeeInvis .     d - +0 short sword
rCold  + . .     Gourm    .     a - +0 robe
rNeg   + + +     Faith    .     (no shield)
rPois  ∞         Spirit   .     b - +0 hat
rElec  .         Reflect  .     (no cloak)
rCorr  .         Harm     .     (no gloves)
MR     .....                    (no boots)
Stlth  ++........               (no amulet)
                                (no ring)
                                (no ring)

@: no status effects
A: no food or potions, fire vulnerability, cold resistance 1, negative energy
resistance 3, torment resistance, unbreathing
a: no special abilities


You were on level 2 of the Dungeon.
You were not hungry.

You visited 1 branch of the dungeon, and saw 2 of its levels.

You collected 101 gold pieces.

Inventory:

Hand Weapons
 d - a +0 short sword (weapon)
Armour
 a - a +0 robe (worn)
 b - a +0 hat (worn)
Scrolls
 e - 4 scrolls of identify {unknown}
 f - 3 scrolls of remove curse {unknown}
 g - 2 scrolls of magic mapping {unknown}
Books
 c - a book of Minor Magic

   Spells                             Type                      Level
   a - Magic Dart                     Conjuration                  1
   b - Blink                          Translocation                2
   c - Call Imp                       Summoning                    2
   d - Repel Missiles                 Charms/Air                   2
   e - Slow                           Hexes                        2
   f - Conjure Flame                  Conjuration/Fire             3
   g - Mephitic Cloud                 Conjuration/Poison/Air       3


   Skills:
 + Level 0.6 Fighting
 + Level 0.2 Short Blades
 + Level 1.9 Dodging
 + Level 1.9 Stealth
 + Level 4.0 Spellcasting
 + Level 1.5 Conjurations
 + Level 0.7 Summonings
 + Level 0.7 Translocations


You had one spell level left.
You knew the following spells:

 Your Spells              Type           Power        Failure   Level  Hunger
a - Magic Dart            Conj           #...         10%         1    N/A
b - Call Imp              Summ           #.......     17%         2    N/A
c - Blink                 Tloc           N/A          17%         2    N/A
d - Repel Missiles        Chrm/Air       #.....       21%         2    N/A
e - Mephitic Cloud        Conj/Pois/Air  #.......     34%         3    N/A

Dungeon Overview and Level Annotations

Branches:
Dungeon (2/15)

Altars:

Annotations:
D:2 Ijyb


Innate Abilities, Weirdness & Mutations

You do not eat or drink.
Your flesh is vulnerable to fire.
You are immune to poison.
Your flesh is cold resistant. (rC+)
You are immune to negative energy. (rN+++)
You are immune to unholy pain and torment.
You can survive without breathing.


Message History

Your crimson imp blinks!
Ijyb screams, "Get away!"
Your crimson imp blinks!
You hit Ijyb.
Ijyb is moderately wounded.
Ijyb hits you with a dagger.
Casting: Magic Dart
Confirm with . or Enter, or press ? or * to list all spells.
A beastly little devil appears in a puff of flame.
Your crimson imp closely misses Ijyb.
Ijyb hits you with a dagger.
You swap places.
Ijyb hits you with a dagger.
Your crimson imp hits Ijyb but does no damage.
Your crimson imp hits Ijyb.
Your crimson imp barely misses Ijyb.
Your crimson imp misses Ijyb.
Your crimson imp blinks!
Ijyb zaps a wand.
The puff of flame hits you! The fire burns you terribly!
It is a wand of flame.
Your crimson imp barely misses Ijyb.
Your crimson imp hits Ijyb but does no damage.
Ijyb zaps a wand.
The puff of flame hits you! The fire burns you terribly!
You die...

#.# #. ..##. #########
#####.##. ......†.#
#.......#. ........#
#.##....#. ........#
#.##....#. ........###
#.##...... ......?...#
#.##......
.......@..#####.........
###.§.................#>
#......g#####.......#.
#.....55# #.#.....#.
#.......# #.#.....#.
#.......# #.#..(..#.
#......5# #.#.###.#
#.......# #.#.# #.#
#.......# #.#.# #.#


You could see Ijyb and 3 friendly crimson imps.

Vanquished Creatures
  2 adders (D:2)
  3 leopard geckos
  5 bats
  2 giant cockroaches (D:1)
  A goblin (D:2)
  2 hobgoblins (D:1)
  2 frilled lizards
  6 kobolds
  5 rats (D:1)
28 creatures vanquished.

Vanquished Creatures (collateral kills)
  A bullfrog (D:2)
1 creature vanquished.

Grand Total: 29 creatures vanquished

Notes
Turn   | Place    | Note
-------+----------+-------------------------------------------
     0 | D:1      | LowPressure the Mummy Wizard began the quest for the Orb.
     0 | D:1      | Reached XP level 1. HP: 13/13 MP: 4/4
   506 | D:1      | Reached XP level 2. HP: 19/19 MP: 1/6
   510 | D:1      | Learned a level 2 spell: Call Imp
   513 | D:1      | Learned a level 2 spell: Blink
   516 | D:1      | Learned a level 2 spell: Repel Missiles
  1285 | D:2      | Reached skill level 1 in Conjurations
  1285 | D:2      | Reached XP level 3. HP: 17/24 MP: 1/8
  1822 | D:2      | Noticed a bullfrog
  1857 | D:2      | Killed a bullfrog
  1857 | D:2      | Reached skill level 4 in Spellcasting
  1857 | D:2      | Reached XP level 4. HP: 18/31 MP: 2/10
  1991 | D:2      | Learned a level 3 spell: Mephitic Cloud
  2074 | D:2      | Noticed Ijyb
  2088 | D:2      | Killed from afar by Ijyb

Skill      XL: |  1  2  3 |
---------------+----------+-----
Conjurations   | 1 |  1.5
Spellcasting   | 4 |  4.0
Fighting       | |  0.6
Short Blades   | |  0.2
Dodging        | |  1.9
Stealth        | |  1.9
Summonings     | |  0.7
Translocations | |  0.7

Action                   |  1- 3 |  4- 6 || total
-------------------------+-------+-------++-------
Melee: Unarmed           |     5 |       ||     5
       Short sword       |     9 |     1 ||    10
 Cast: Magic Dart        |    72 |     4 ||    76
       Call Imp          |     1 |     3 ||     4
       Blink             |       |     1 ||     1
Armor: Robe              |    16 |       ||    16
Dodge: Dodged            |    45 |       ||    45
